[Event "Titled Tuesday Blitz March 01 Early 2022"]
[White "Kett, Tim"]
[Black "Goltseva, Ekaterina"]
[WhiteFideId "1801210"]
[BlackFideId "24173770"]
[WhiteElo "2098"]
[BlackElo "2140"]
[Result "1-0"]
[Round "04"]
[TimeControl "180+1"]
[Date "2022.03.01"]
[WhiteClock "0:00:06"]
[BlackClock "0:00:04"]

1. e4 e5 2. f4 d5 3. exd5 exf4 4. Nf3 Bd6 5. d4 Nf6 6. Qe2+ Qe7 7. Qxe7+ Kxe7 8. c4 Re8 9. c5 Kd8+ 10. Be2 Bf8 11. Nc3 Na6 12. Bxf4 Nb4 13. Kd2 Nbxd5 14. Bg5 Nxc3 15. Bxf6+ gxf6 16. bxc3 Bh6+ 17. Kd1 Bd7 18. a4 Be6 19. Bd3 Bb3+ 20. Bc2 Bxc2+ 21. Kxc2 Re2+ 22. Kd3 Rxg2 23. Rhg1 Rxg1 24. Rxg1 Kd7 25. Nh4 Re8 26. Nf5 Bf4 27. Kc4 c6 28. Rf1 Bxh2 29. Rh1 Bf4 30. Rxh7 Rf8 31. Kd3 Ke6 32. Ke4 Bc7 33. Ng7+ Kd7 34. Kf5 Ba5 35. Rh3 Bd8 36. Nh5 Rg8 37. Nxf6+ Bxf6 38. Kxf6 Rg1 39. Kxf7 Ra1 40. Rh7 Rxa4 41. Kf6+ Kc8 42. Ke6 a5 43. Kd6 Kb8 44. Rh8+ Ka7 45. Kc7 Ra3 46. Rb8 Rb3 47. c4 a4 48. d5 cxd5 49. cxd5 Rb5 50. c6 bxc6 51. Rxb5 cxb5 52. d6 a3 53. d7 a2 54. d8=Q a1=Q 55. Qb8+ Ka6 56. Qb6# 1-0


[Site "https://www.chess.com"]

[Event "Titled Tuesday Blitz March 01 Early 2022"]
[White "Kezin, Roman"]
[Black "Martin Duque, Jesus"]
[WhiteFideId "24124621"]
[BlackFideId "2208954"]
[WhiteElo "2509"]
[BlackElo "2243"]
[Result "1-0"]
[Round "04"]
[TimeControl "180+1"]
[Date "2022.03.01"]
[WhiteClock "0:02:32"]
[BlackClock "0:00:49"]

1. e4 c5 2. Be2 b6 3. f4 Bb7 4. d3 g6 5. Nf3 Bg7 6. O-O d6 7. c3 Nc6 8. Be3 e6 9. Nbd2 Nge7 10. Kh1 Qd7 11. d4 f5 12. dxc5 bxc5 13. Nc4 Rd8 14. e5 Nd5 15. Nxd6+ Kf8 16. Bxc5 Kg8 17. Qa4 Nxe5 18. Qxd7 Nxd7 19. Nxb7 Rb8 20. Ba6 Nc7 21. Bd6 Nxa6 22. Bxb8 Naxb8 23. Ng5 Nf8 24. Rfe1 e5 25. fxe5 Nc6 26. e6 Ne7 27. Nf7 Bxc3 28. bxc3 h5 29. Nxh8 1-0


[Site "https://www.chess.com"]

[Event "Titled Tuesday Blitz March 01 Early 2022"]
[White "Kohler, Aran"]
[Black "Astasio Lopez, David"]
[WhiteFideId "1002856"]
[BlackFideId "2230208"]
[WhiteElo "2264"]
[BlackElo "2355"]
[Result "0-1"]
[Round "04"]
[TimeControl "180+1"]
[Date "2022.03.01"]
[WhiteClock "0:00:15"]
[BlackClock "0:00:27"]

1. d4 d5 2. Nf3 c6 3. c3 Bf5 4. Bf4 e6 5. e3 h6 6. Bd3 Ne7 7. Bxf5 Nxf5 8. Nbd2 Nd7 9. e4 dxe4 10. Nxe4 Nf6 11. Nxf6+ Qxf6 12. Be5 Qg6 13. g3 Be7 14. O-O O-O 15. Bf4 Bf6 16. Ne5 Bxe5 17. Bxe5 Rad8 18. Qe2 Rd5 19. Rad1 Rfd8 20. Bf4 b5 21. Be3 a5 22. b3 Qf6 23. a3 Kh7 24. Qc2 Qg6 25. Rd2 e5 26. Rfd1 exd4 27. Bxd4 h5 28. Kf1 h4 29. Bb6 Ne3+ 30. fxe3 Qxc2 31. Rxc2 Rxd1+ 32. Kg2 R8d2+ 33. Rxd2 Rxd2+ 34. Kh3 hxg3 35. hxg3 Rd3 36. Bxa5 Rxe3 37. Bb4 c5 38. Bxc5 Rxc3 39. a4 Rxc5 40. Kh4 bxa4 41. b4 Rc4+ 42. g4 Rxb4 43. Kh5 a3 44. g5 Rb5 45. Kg4 g6 46. Kf4 Rb4+ 47. Kg3 Kg7 48. Kf2 a2 49. Ke2 a1=Q 50. Kd2 Qa3 51. Kc2 Rb2+ 52. Kc1 Qa1# 0-1


[Site "https://www.chess.com"]

[Event "Titled Tuesday Blitz March 01 Early 2022"]
[White "Korchmar, Vasiliy"]
[Black "Devaev, Alexander"]
[WhiteFideId "24131750"]
[BlackFideId "4169395"]
[WhiteElo "2370"]
[BlackElo "2185"]
[Result "1-0"]
[Round "04"]
[TimeControl "180+1"]
[Date "2022.03.01"]
[WhiteClock "0:00:06"]
[BlackClock "0:00:03"]

1. e4 c6 2. d4 d5 3. e5 Bf5 4. c4 e6 5. Nc3 Nd7 6. Nge2 h6 7. Ng3 Bg6 8. h4 Ne7 9. h5 Bh7 10. cxd5 cxd5 11. Bd3 Bxd3 12. Qxd3 Qb6 13. f4 f5 14. exf6 Nxf6 15. O-O O-O-O 16. Be3 Kb8 17. f5 Ka8 18. fxe6 Qxe6 19. Nb5 Qb6 20. Bf4 Rc8 21. Rac1 Nc6 22. Nf5 a6 23. Nbd6 Bxd6 24. Nxd6 Rcf8 25. Kh1 Qxd4 26. Qb3 Qb4 27. Qxb4 Nxb4 28. Be5 Nd3 29. Rc7 Nxe5 30. Nxb7 Nfg4 31. Rfc1 Rb8 32. Na5 Rxb2 33. Rxg7 Rf8 34. Kg1 Rxa2 35. Nc6 Rf7 36. Rg8+ Kb7 37. Nd8+ Kb6 38. Nxf7 Nxf7 39. Rxg4 Ne5 40. Rb4+ Ka5 41. Rd4 1-0


[Site "https://www.chess.com"]

[Event "Titled Tuesday Blitz March 01 Early 2022"]
[White "Kornyukov, Alexey"]
[Black "Martinez, Shawn"]
[WhiteFideId "4150457"]
[BlackFideId "2039770"]
[WhiteElo "2303"]
[BlackElo "2174"]
[Result "0-1"]
[Round "04"]
[TimeControl "180+1"]
[Date "2022.03.01"]
[WhiteClock "0:00:20"]
[BlackClock "0:00:15"]

1. e4 c5 2. Nf3 e6 3. c3 Nf6 4. e5 Nd5 5. d4 cxd4 6. cxd4 Bb4+ 7. Bd2 Bxd2+ 8. Nbxd2 d6 9. Bb5+ Bd7 10. Bxd7+ Qxd7 11. exd6 Qxd6 12. O-O Nc6 13. Ne4 Qd8 14. Nc5 O-O 15. Nxb7 Qb6 16. Nc5 Qxb2 17. Qa4 Rac8 18. Rfb1 Qe2 19. Re1 Qb2 20. Reb1 Qc3 21. Rc1 Qa5 22. Qxa5 Nxa5 23. Nd7 Rfd8 24. Nc5 Nf4 25. Kf1 Nc6 26. g3 Nd5 27. Rc4 Nce7 28. Rac1 Nf5 29. g4 Nd6 30. R4c2 h6 31. Nd3 Rxc2 32. Rxc2 Rb8 33. Rc6 Nb5 34. Nde5 Nbc3 35. a3 Rb1+ 36. Kg2 Nf4+ 37. Kg3 Nce2+ 38. Kh4 g5+ 39. Nxg5 hxg5+ 40. Kxg5 Rd1 41. Rc8+ Kg7 42. Rc7 Rxd4 43. Rxf7+ Kg8 44. Kf6 Nd5+ 45. Kxe6 Nef4+ 46. Kf5 Nh3 47. Rxa7 Rf4+ 48. Kg6 Rxf2 49. Rg7+ Kf8 50. Rh7 Nhf4+ 51. Kg5 Ne6+ 52. Kh5 Rxh2+ 53. Kg6 Ndf4+ 54. Kf6 Rxh7 55. Ng6+ Ke8 56. Nxf4 Nxf4 57. g5 Ra7 58. g6 Nxg6 59. Kxg6 Rxa3 60. Kf5 Ra4 61. Ke5 Ke7 62. Kf5 Kd6 63. Kf6 Rf4+ 64. Kg5 Rf1 65. Kg6 Ke6 66. Kg5 Ke5 67. Kg6 Rf5 68. Kg7 Rf6 69. Kg8 Kf5 70. Kg7 Kg5 71. Kg8 Kg6 72. Kh8 Rf8# 0-1


[Site "https://www.chess.com"]

[Event "Titled Tuesday Blitz March 01 Early 2022"]
[White "Kostiukov, Alexandr"]
[Black "Winkels, Marcel"]
[WhiteFideId "14108100"]
[BlackFideId "1003887"]
[WhiteElo "2202"]
[BlackElo "1900"]
[Result "1-0"]
[Round "04"]
[TimeControl "180+1"]
[Date "2022.03.01"]
[WhiteClock "0:00:12"]
[BlackClock "0:00:48"]

1. e4 g6 2. d4 Bg7 3. Nc3 d5 4. e5 c5 5. Be3 cxd4 6. Bxd4 Nc6 7. Nf3 Nh6 8. Bb5 O-O 9. O-O Bg4 10. Bxc6 bxc6 11. Qd3 Nf5 12. Rfe1 Bxf3 13. gxf3 e6 14. b4 Qg5+ 15. Kh1 Nh4 16. Rg1 Qh5 17. f4 Nf3 18. Rg2 a5 19. Bc5 Rfb8 20. Bd6 Rc8 21. b5 Bh6 22. Ne2 Nh4 23. Rg3 Qf5 24. b6 Re8 25. b7 Rab8 26. Bxb8 Rxb8 27. Rb1 Qxd3 28. cxd3 c5 29. Nc3 Bxf4 30. Na4 Bxg3 31. hxg3 Nf3 32. Nxc5 Nxe5 33. Na6 Nc6 34. Nxb8 Nxb8 35. Rc1 Kg7 36. Rc8 Na6 37. b8=Q Nxb8 38. Rxb8 Kf6 39. Ra8 Ke5 40. Rxa5 Kd4 41. Ra3 e5 42. Rb3 f5 43. a4 e4 44. dxe4 fxe4 45. a5 Kc4 46. Rb8 d4 47. a6 d3 48. a7 d2 49. Rd8 e3 50. fxe3 Kc3 51. a8=Q Kc2 52. Qc6+ Kd1 53. Qd5 Ke1 54. Qxd2+ Kf1 55. Rf8# 1-0


[Site "https://www.chess.com"]

[Event "Titled Tuesday Blitz March 01 Early 2022"]
[White "Kozak, Antoni"]
[Black "Ponkratov, Pavel"]
[WhiteFideId "21832030"]
[BlackFideId "4157800"]
[WhiteElo "2232"]
[BlackElo "2487"]
[Result "1-0"]
[Round "04"]
[TimeControl "180+1"]
[Date "2022.03.01"]
[WhiteClock "0:00:09"]
[BlackClock "0:00:30"]

1. Nf3 Nf6 2. c4 g6 3. Nc3 Bg7 4. e4 e5 5. Nxe5 O-O 6. Nf3 Re8 7. d3 d5 8. cxd5 Nxd5 9. Bd2 Bg4 10. Be2 Nb4 11. Be3 Bxf3 12. gxf3 N8c6 13. a3 Na6 14. Rc1 Nd4 15. b4 c5 16. Nd5 Qd6 17. Rc4 Ne6 18. bxc5 Naxc5 19. d4 Nd7 20. Qb3 b5 21. Qb4 Qb8 22. Rc1 a6 23. O-O Kh8 24. Rc2 f5 25. Rfc1 f4 26. Bd2 Nxd4 27. Bc3 Nxc2 28. Bxg7+ Kxg7 29. Rxc2 Ra7 30. Qd4+ Ne5 31. Nxf4 Rd7 32. Nd5 Qa7 33. Qb2 g5 34. Qc1 Kh8 35. f4 gxf4 36. Qxf4 Rg7+ 37. Kh1 Qf7 38. Qxf7 Rxf7 39. f4 Ng6 40. f5 Ne5 41. Bh5 Kg7 42. Bxf7 Kxf7 43. Rc7+ Kf8 44. Nf6 Rd8 45. Nxh7+ Ke8 46. Nf6+ Kf8 47. Nh7+ Ke8 48. Nf6+ Kf8 49. Kg2 Rd3 50. Ra7 Rxa3 51. Nd7+ Nxd7 52. Rxd7 b4 53. e5 b3 54. e6 b2 55. Rb7 Ra2 56. Kg3 Ra3+ 57. Kf4 Ra5 58. Rxb2 Ke7 59. Rb7+ Kd6 60. Rd7+ Kc6 61. f6 Ra1 62. f7 Rf1+ 63. Kg5 a5 64. Ra7 Kb6 65. Ra8 Rg1+ 66. Kf6 Rf1+ 67. Ke7 1-0


[Site "https://www.chess.com"]

[Event "Titled Tuesday Blitz March 01 Early 2022"]
[White "Krishnan, Varun"]
[Black "Muradli, Mahammad"]
[WhiteFideId "5054508"]
[BlackFideId "13409301"]
[WhiteElo "2583"]
[BlackElo "2645"]
[Result "1/2-1/2"]
[Round "04"]
[TimeControl "180+1"]
[Date "2022.03.01"]
[WhiteClock "0:00:13"]
[BlackClock "0:00:06"]

1. e4 g6 2. d4 Bg7 3. Nc3 c6 4. h3 d5 5. Nf3 dxe4 6. Nxe4 Nf6 7. Bd3 O-O 8. O-O Nbd7 9. c3 b6 10. Bf4 Bb7 11. Bh2 c5 12. Re1 cxd4 13. Nxd4 Nxe4 14. Bxe4 Bxe4 15. Rxe4 Nc5 16. Re2 Rc8 17. Nf3 e6 18. Bd6 Re8 19. Bxc5 bxc5 20. Rd2 Qb6 21. Qb3 Rb8 22. Rd7 Qc6 23. Qd1 Rxb2 24. Rxa7 Bxc3 25. Rc1 Bf6 26. Qa4 Rc8 27. Qf4 e5 28. Nxe5 Qd6 29. Qc4 Rc7 30. Nxf7 Qe7 31. Ng5+ Kh8 32. Ra8+ Kg7 33. Ne6+ Kh6 34. Qf4+ g5 35. Qxc7 Qxe6 36. Qxc5 Re2 37. Qf8+ Bg7 38. Qb4 Qf6 39. Rf1 Rb2 40. Qa4 Qe5 41. Ra6+ Bf6 42. Qg4 Kg7 43. Qf3 Qf4 44. Ra4 Qxa4 45. Qf5 Qd4 46. Qa5 Qe5 47. Qa7+ Kh6 48. a4 Ra2 49. a5 Qd4 50. Qb7 Rxa5 51. Qf3 Ra1 52. g3 Rxf1+ 53. Kxf1 Qc4+ 54. Kg2 Qd4 55. h4 gxh4 56. gxh4 Qxh4 57. Qe3+ Kg7 58. Qa7+ Kg6 59. Qe3 h6 60. Qg3+ Qg5 61. Kh3 Kf7 62. Qb3+ Kg7 63. Qg3 Kh7 64. Qg4 Qe5 65. f3 h5 66. Qe4+ Kh6 67. Qxe5 Bxe5 68. f4 Bxf4 69. Kg2 Kg5 70. Kh1 Kg4 71. Kg2 h4 72. Kh1 h3 73. Kg1 Bg3 74. Kh1 Kf3 75. Kg1 Kg4 76. Kh1 Bh4 77. Kg1 Bd8 78. Kh1 Bb6 79. Kh2 Bf2 80. Kh1 Kf3 81. Kh2 Bh4 82. Kh1 Bg5 83. Kh2 Kg4 84. Kh1 Kg3 85. Kg1 Be3+ 86. Kh1 h2 1/2-1/2


[Site "https://www.chess.com"]

[Event "Titled Tuesday Blitz March 01 Early 2022"]
[White "Krsnik Cohar, Ivan Vihor"]
[Black "Kanyamarala, Tarun"]
[WhiteFideId "14520044"]
[BlackFideId "45004714"]
[WhiteElo "2414"]
[BlackElo "2144"]
[Result "0-1"]
[Round "04"]
[TimeControl "180+1"]
[Date "2022.03.01"]
[WhiteClock "0:00:01"]
[BlackClock "0:00:02"]

1. d4 f5 2. Bg5 g6 3. e4 fxe4 4. c4 Bg7 5. Nc3 Nf6 6. f3 exf3 7. Nxf3 O-O 8. Bd3 c5 9. d5 e5 10. O-O d6 11. a3 Bf5 12. b4 Na6 13. Bxf5 gxf5 14. Nh4 f4 15. Nf5 Qd7 16. Nxg7 Qxg7 17. Bxf6 Rxf6 18. Kh1 cxb4 19. axb4 Nxb4 20. Ne4 Rh6 21. c5 dxc5 22. d6 Kh8 23. Qf3 Nc6 24. Nxc5 Rxd6 25. Rab1 b6 26. Ne4 Rg6 27. Nf2 Rg8 28. Qe4 Nd4 29. Rg1 Rh6 30. h3 Rg6 31. Rbd1 Ne6 32. Nd3 Rg5 33. Rde1 Nd4 34. Nxe5 Nc2 35. Qxc2 Rxe5 36. Rxe5 Qxe5 37. Qa2 Qg7 38. Rf1 Rf8 39. Qa4 a5 0-1


[Site "https://www.chess.com"]

[Event "Titled Tuesday Blitz March 01 Early 2022"]
[White "Krylov, Ivan"]
[Black "Artemenko, Oleg"]
[WhiteFideId "24128066"]
[BlackFideId "14201798"]
[WhiteElo "2258"]
[BlackElo "2287"]
[Result "0-1"]
[Round "04"]
[TimeControl "180+1"]
[Date "2022.03.01"]
[WhiteClock "0:01:40"]
[BlackClock "0:02:42"]

1. e4 e6 2. d4 d5 3. Nc3 Nf6 4. e5 Nfd7 5. Qg4 c5 6. Nf3 Nc6 7. Be3 cxd4 8. Bxd4 Nxd4 9. Qxd4 Bc5 10. Qg4 Qb6 11. Qg3 Qxb2 12. Nb5 Bb4+ 13. Ke2 Qxc2+ 14. Ke3 Qe4# 0-1


[Site "https://www.chess.com"]

[Event "Titled Tuesday Blitz March 01 Early 2022"]
[White "Krysa, Leandro"]
[Black "Hirneise, Jens"]
[WhiteFideId "116807"]
[BlackFideId "24614734"]
[WhiteElo "2490"]
[BlackElo "2323"]
[Result "1-0"]
[Round "04"]
[TimeControl "180+1"]
[Date "2022.03.01"]
[WhiteClock "0:01:52"]
[BlackClock "0:01:11"]

1. e4 e5 2. Nf3 Nf6 3. Nc3 Nc6 4. a4 Bc5 5. Nxe5 Nxe5 6. d4 Bd6 7. dxe5 Bxe5 8. Bd3 d6 9. O-O Bxh2+ 10. Kxh2 Ng4+ 11. Kg1 Qh4 12. Bf4 h5 13. Nd5 Qd8 14. Ne3 Qf6 15. Nd5 Qd8 16. f3 Ne5 17. Bxe5 dxe5 18. Qe1 h4 19. Rd1 h3 20. g3 h2+ 21. Kh1 c6 22. Ne3 Be6 23. Bc4 Qg5 24. Bxe6 fxe6 25. Ng4 O-O 26. Qd2 1-0


[Site "https://www.chess.com"]

[Event "Titled Tuesday Blitz March 01 Early 2022"]
[White "Kukula, Pawel"]
[Black "Muzzi, Eduardo"]
[WhiteFideId "1115081"]
[BlackFideId "3001253"]
[WhiteElo "2203"]
[BlackElo "1932"]
[Result "1/2-1/2"]
[Round "04"]
[TimeControl "180+1"]
[Date "2022.03.01"]
[WhiteClock "0:00:20"]
[BlackClock "0:00:06"]

1. e4 e6 2. Nf3 d5 3. e5 c5 4. b4 cxb4 5. a3 Nc6 6. axb4 Bxb4 7. c3 Bf8 8. d4 Nge7 9. Bd3 Nf5 10. O-O Be7 11. Na3 O-O 12. Nc2 g6 13. g4 Nh4 14. Nxh4 Bxh4 15. f4 f6 16. Be3 fxe5 17. dxe5 g5 18. Nd4 Bd7 19. Qe2 Qe7 20. Ra2 Rf7 21. fxg5 Rxf1+ 22. Qxf1 Bxg5 23. Bxg5 Qxg5 24. Rf2 Nxe5 25. Be2 Qe7 26. Rf6 Rf8 27. g5 Rxf6 28. gxf6 Qf7 29. Qh3 Ng6 30. Bh5 Qxf6 31. Qg4 Kh8 32. Qg3 e5 33. Nf3 e4 34. Ng5 Qb6+ 35. Kg2 Qf6 36. Be2 Be8 37. h4 Nf4+ 38. Kf2 Nxe2+ 39. Kxe2 Bh5+ 40. Kd2 Qg6 41. Qe5+ Qg7 42. Qxd5 Be8 43. Qe6 Qd7+ 44. Qxd7 Bxd7 45. Nf7+ Kg7 46. Ne5 Be6 47. Ke3 Bd5 48. c4 Bc6 49. Ng4 Kg6 50. Nf2 Kf5 51. h5 Kg5 52. Nh3+ Kxh5 53. Nf4+ Kg5 54. Ne6+ Kf5 55. Nf8 h5 56. Kf2 h4 57. Nh7 Kg4 58. Nf6+ Kf4 59. Nh5+ Kg4 60. Nf6+ Kf5 61. Nh5 Kg5 62. Ng7 h3 63. Kg3 e3 64. Ne6+ Kf5 65. Nf4 Ke4 66. Nxh3 Kd3 67. Nf4+ Kd2 68. c5 e2 69. Nxe2 Kxe2 70. Kf4 Kd3 71. Ke5 Kc4 72. Kd6 Kb5 73. Ke5 a5 74. Kd4 a4 75. Kc3 Ka5 76. Kb2 Kb5 77. Ka3 Kxc5 78. Kb2 b5 79. Ka3 b4+ 80. Kb2 Kc4 81. Ka1 a3 82. Ka2 Ba4 83. Ka1 Kc3 84. Ka2 Bb3+ 85. Ka1 Ba4 86. Ka2 Bb5 87. Ka1 Bc4 88. Kb1 Kd2 89. Ka1 Kc3 90. Kb1 a2+ 91. Ka1 Kd2 92. Kb2 b3 93. Ka1 b2+ 94. Kxb2 Kd3 95. Ka1 Kc2 1/2-1/2


[Site "https://www.chess.com"]

[Event "Titled Tuesday Blitz March 01 Early 2022"]
[White "Kushko, Dmitriy"]
[Black "Samant Aditya S"]
[WhiteFideId "14162261"]
[BlackFideId "35080580"]
[WhiteElo "2225"]
[BlackElo "1916"]
[Result "1/2-1/2"]
[Round "04"]
[TimeControl "180+1"]
[Date "2022.03.01"]
[WhiteClock "0:00:06"]
[BlackClock "0:00:06"]

1. Nf3 d5 2. g3 Bg4 3. Bg2 Nd7 4. h3 Bxf3 5. Bxf3 Ngf6 6. O-O e5 7. d3 c6 8. Nc3 Bc5 9. e4 dxe4 10. Nxe4 Nxe4 11. dxe4 O-O 12. c3 Qe7 13. Kg2 Rfd8 14. Qc2 Nf8 15. Bd2 a5 16. Rad1 Ne6 17. h4 Rd7 18. Bc1 Rad8 19. Rxd7 Rxd7 20. Rd1 Qd8 21. Rxd7 Qxd7 22. Qd1 Qxd1 23. Bxd1 Kf8 24. Kf3 Ke7 25. h5 h6 26. Ke2 Nf8 27. f4 Nd7 28. Kd3 Bf2 29. g4 Bg3 30. fxe5 Bxe5 31. Be3 Bf6 32. b4 Ne5+ 33. Kc2 Kd7 34. Be2 axb4 35. cxb4 b5 36. Kb3 Ke6 37. a4 bxa4+ 38. Kxa4 Nd7 39. Bc4+ Ke7 40. b5 cxb5+ 41. Kxb5 Ne5 42. Be2 Ke6 43. Bf4 Nd7 44. Bc4+ Ke7 45. Be2 Be5 46. Be3 Kf6 47. Kc6 Nf8 48. Bc4 Ne6 49. Kd7 Nf8+ 50. Kc6 Bb2 51. Bf4 Ne6 52. Bxe6 Kxe6 53. Kc5 Be5 54. Be3 Bb8 55. Kc4 Be5 56. Kd3 Kf6 57. Ke2 Bd6 58. Kf3 Ke6 59. Bd4 f6 60. Bc3 Kd7 61. Bd4 Kc6 62. Bc3 Be5 63. Bb4 Bd6 64. Ba5 Kd7 65. Ke3 Ke6 66. Bc3 Bc5+ 67. Kf3 Bd6 68. Bb2 Be5 69. Ba3 Bc7 70. Bb2 Bd6 71. Bc3 Be7 72. Bd4 Bf8 73. Bc3 Bd6 74. Bd2 Kd7 75. Be3 Kc6 76. Bd2 Kc5 77. Ba5 Be7 78. Bc7 Kc6 79. Bf4 Kd7 80. Bd2 Ke6 81. Bc3 Bd6 1/2-1/2


[Site "https://www.chess.com"]

[Event "Titled Tuesday Blitz March 01 Early 2022"]
[White "Lakshmi C"]
[Black "Aldokhin, Ivan"]
[WhiteFideId "25035347"]
[BlackFideId "24115720"]
[WhiteElo "1775"]
[BlackElo "2231"]
[Result "0-1"]
[Round "04"]
[TimeControl "180+1"]
[Date "2022.03.01"]
[WhiteClock "0:00:10"]
[BlackClock "0:00:08"]

1. e4 c5 2. Nf3 g6 3. d4 cxd4 4. Nxd4 Nc6 5. Be3 Nf6 6. Nc3 Bg7 7. Bc4 O-O 8. Bb3 Re8 9. f3 e6 10. Qd2 d5 11. O-O-O Na5 12. h3 Nxb3+ 13. Nxb3 Qc7 14. Nb5 Qb8 15. exd5 Nxd5 16. Bc5 Bd7 17. Bd6 Qc8 18. N5d4 b6 19. h4 a5 20. Kb1 a4 21. Nc1 a3 22. Nce2 axb2 23. Qd3 e5 24. Nb3 Bf5 25. Qd2 Bh6 26. f4 Nxf4 27. Nxf4 Bxf4 28. Qf2 Qa6 29. a3 Qc4 30. Kxb2 Rec8 31. Rc1 Bxc1+ 32. Rxc1 Qe6 33. Bb4 Rc4 34. c3 Rac8 35. Nd2 R4c7 36. Qe3 Qd5 37. g3 Qd3 38. Qxd3 Bxd3 39. Bd6 Rd7 40. Bxe5 Bf5 41. Bd4 Re7 42. Nb3 Re2+ 43. Ka1 Rg2 44. Re1 Ra8 0-1


[Site "https://www.chess.com"]

[Event "Titled Tuesday Blitz March 01 Early 2022"]
[White "Lauridsen, Jesper Morch"]
[Black "Omariev, Maksim"]
[WhiteFideId "1401890"]
[BlackFideId "4193423"]
[WhiteElo "2162"]
[BlackElo "2448"]
[Result "1-0"]
[Round "04"]
[TimeControl "180+1"]
[Date "2022.03.01"]
[WhiteClock "0:00:46"]
[BlackClock "0:00:08"]

1. e4 c5 2. Nf3 d6 3. d4 cxd4 4. Nxd4 Nf6 5. Nc3 a6 6. Bc4 e6 7. a4 Be7 8. O-O O-O 9. Ba2 Qc7 10. Bg5 h6 11. Be3 Nc6 12. h3 Bd7 13. Qd2 Nxd4 14. Bxd4 Bc6 15. Rae1 Nd7 16. f4 Nc5 17. Bxc5 dxc5 18. e5 Rfd8 19. Qf2 Rd4 20. f5 Bh4 21. g3 Bg5 22. fxe6 fxe6 23. Bxe6+ Kh8 24. h4 Rd2 25. Re2 Rxe2 26. Qxe2 Be7 27. Rf7 Be8 28. Nd5 Qd8 29. Rxe7 Bc6 30. Qg4 Qf8 31. Rf7 Qg8 32. Ne7 Qh7 33. Ng6+ 1-0


[Site "https://www.chess.com"]

[Event "Titled Tuesday Blitz March 01 Early 2022"]
[White "Lazavik, Denis"]
[Black "Muhammed, Shuaau"]
[WhiteFideId "13515110"]
[BlackFideId "16700406"]
[WhiteElo "2436"]
[BlackElo "1674"]
[Result "1-0"]
[Round "04"]
[TimeControl "180+1"]
[Date "2022.03.01"]
[WhiteClock "0:01:24"]
[BlackClock "0:00:13"]

1. d4 d5 2. c4 e6 3. Nf3 Nf6 4. g3 dxc4 5. Bg2 a6 6. O-O Nc6 7. e3 Be7 8. Nbd2 O-O 9. Nxc4 Rb8 10. Bd2 b5 11. Nfe5 Nxe5 12. Nxe5 Bb7 13. Bxb7 Rxb7 14. Nc6 Qd7 15. Qf3 Nd5 16. Rac1 Rb6 17. Ne5 Qc8 18. Ba5 Rb7 19. e4 Nf6 20. Nc6 Bd8 21. Rfd1 Qd7 22. d5 exd5 23. e5 Ne4 24. Qxe4 Qxc6 25. Qxh7+ Kxh7 26. Rxc6 Re8 27. Rxd5 f6 28. e6 Kg6 29. f4 f5 30. e7+ 1-0


[Site "https://www.chess.com"]

[Event "Titled Tuesday Blitz March 01 Early 2022"]
[White "Lima, Kleyton Alcantara"]
[Black "Brunner, Nicolas"]
[WhiteFideId "22718397"]
[BlackFideId "620246"]
[WhiteElo "1951"]
[BlackElo "2372"]
[Result "0-1"]
[Round "04"]
[TimeControl "180+1"]
[Date "2022.03.01"]
[WhiteClock "0:01:21"]
[BlackClock "0:00:13"]

1. e4 e5 2. Nf3 Nc6 3. d4 exd4 4. Nxd4 Nf6 5. Nxc6 bxc6 6. e5 Nd5 7. c4 Nb6 8. Bd3 d6 9. exd6 Bxd6 10. O-O Be6 11. b3 Qf6 12. Be4 Qxa1 13. Bxc6+ Ke7 14. Bxa8 Rxa8 15. Re1 Kf8 16. Qc2 Bb4 17. Bb2 Qxb2 18. Qxb2 Bxe1 19. Nc3 Rd8 20. Kf1 Bxc3 21. Qxc3 Kg8 22. Qa5 Ra8 23. Qa6 Bc8 24. Qb5 Bd7 25. Qa6 h6 26. Qb7 c5 27. a4 Bc8 28. Qc7 Bf5 29. Qxc5 Bc2 30. a5 Re8 31. f3 Nc8 32. Qxa7 Nxa7 0-1


[Site "https://www.chess.com"]

[Event "Titled Tuesday Blitz March 01 Early 2022"]
[White "Lou, Yiping"]
[Black "Makhnev, Denis"]
[WhiteFideId "8603928"]
[BlackFideId "13707647"]
[WhiteElo "2412"]
[BlackElo "2491"]
[Result "0-1"]
[Round "04"]
[TimeControl "180+1"]
[Date "2022.03.01"]
[WhiteClock "0:00:08"]
[BlackClock "0:00:21"]

1. d4 Nf6 2. c4 e6 3. Nc3 Bb4 4. Nf3 O-O 5. Bg5 h6 6. Bh4 d5 7. e3 c5 8. cxd5 exd5 9. Bd3 c4 10. Bc2 Bg4 11. O-O Bxc3 12. bxc3 Nbd7 13. h3 Bh5 14. Qb1 Bxf3 15. gxf3 Qc7 16. Bg3 Qc6 17. e4 Nh5 18. e5 f6 19. f4 fxe5 20. fxe5 Qe6 21. Qxb7 Nb6 22. Kg2 Rf7 23. Qa6 Raf8 24. Bd1 Nf4+ 25. Bxf4 Rxf4 26. Qxa7 Qg6+ 27. Bg4 Rxg4+ 28. hxg4 Qxg4+ 29. Kh2 Rf3 0-1


[Site "https://www.chess.com"]

[Event "Titled Tuesday Blitz March 01 Early 2022"]
[White "Maatman, Nick"]
[Black "Samunenkov, Ihor"]
[WhiteFideId "1040391"]
[BlackFideId "14187086"]
[WhiteElo "2523"]
[BlackElo "2406"]
[Result "1-0"]
[Round "04"]
[TimeControl "180+1"]
[Date "2022.03.01"]
[WhiteClock "0:00:30"]
[BlackClock "0:00:41"]

1. d4 d5 2. c4 e6 3. Nf3 Nf6 4. g3 dxc4 5. Bg2 c6 6. O-O b5 7. a4 Bb7 8. Ne5 a6 9. Nc3 Nd5 10. e4 Nxc3 11. bxc3 Be7 12. Rb1 Qc7 13. Qg4 O-O 14. Bh6 Bf6 15. Bf4 Qe7 16. Nxc4 bxc4 17. e5 Kh8 18. exf6 gxf6 19. Qh4 Rg8 20. Rxb7 Qxb7 21. Qxf6+ Rg7 22. Be5 1-0


[Site "https://www.chess.com"]

[Event "Titled Tuesday Blitz March 01 Early 2022"]
[White "Manelyuk, Daniil"]
[Black "Panesar Vedant"]
[WhiteFideId "44173920"]
[BlackFideId "35033018"]
[WhiteElo "2222"]
[BlackElo "1971"]
[Result "0-1"]
[Round "04"]
[TimeControl "180+1"]
[Date "2022.03.01"]
[WhiteClock "0:00:03"]
[BlackClock "0:00:15"]

1. e4 c6 2. d4 d5 3. Nc3 dxe4 4. Nxe4 Nf6 5. Nxf6+ exf6 6. c3 Bd6 7. Bd3 O-O 8. Qc2 Re8+ 9. Ne2 h5 10. O-O h4 11. h3 Nd7 12. Be3 Nf8 13. Rae1 Bc7 14. c4 g6 15. Bh6 Qd6 16. Nf4 Bd7 17. c5 Qxd4 18. Bxg6 Bxf4 19. Rd1 Qe5 20. Bxf8 Kxf8 21. Rxd7 fxg6 22. Qxg6 Re7 23. Rd6 Rf7 24. Rfd1 Re8 25. Rd8 Re7 26. g3 hxg3 27. fxg3 Be3+ 28. Kh2 Qxb2+ 29. Kh1 Qe5 30. Rxe8+ Rxe8 31. Rd6 Qe4+ 32. Qxe4 Rxe4 33. Rxf6+ Ke7 34. Rg6 Rb4 35. Rg7+ Kf6 36. Rc7 Bxc5 37. h4 Rb2 38. g4 Be3 0-1


[Site "https://www.chess.com"]

[Event "Titled Tuesday Blitz March 01 Early 2022"]
[White "Manolache, Marius"]
[Black "Mikhnenko, Alexander"]
[WhiteFideId "1201530"]
[BlackFideId "34143014"]
[WhiteElo "2389"]
[BlackElo "2140"]
[Result "0-1"]
[Round "04"]
[TimeControl "180+1"]
[Date "2022.03.01"]
[WhiteClock "0:00:23"]
[BlackClock "0:01:15"]

1. d4 Nf6 2. Bg5 c5 3. d5 Qb6 4. Nc3 d6 5. Rb1 Nbd7 6. e4 h6 7. Bd2 g5 8. h3 Bg7 9. Nf3 O-O 10. Bc4 a6 11. a4 Qc7 12. O-O Rb8 13. Re1 Ne5 14. Nxe5 dxe5 15. b3 g4 16. hxg4 Bxg4 17. Qc1 Kh7 18. Bf1 Rg8 19. Nd1 b5 20. axb5 axb5 21. Ne3 Bd7 22. f3 Nh5 23. Nf5 Bxf5 24. exf5 Nf4 25. c4 b4 26. Qc2 Bf6 27. Bxf4 exf4 28. Re4 Rg5 29. Rbe1 Kh8 30. Qc1 Bd4+ 31. Rxd4 cxd4 32. Re4 Qc5 33. Qd2 d3+ 34. Qf2 Qxf2+ 35. Kxf2 d2 36. Rd4 Rxf5 37. Rxd2 Re5 38. c5 e6 39. dxe6 fxe6 40. Bc4 Rxc5 41. Bxe6 Re8 42. Bc4 Rb8 43. Rd4 Rf8 44. Rd6 Ra5 45. Rxh6+ Kg7 46. Rb6 Ra2+ 47. Kf1 Rd8 48. Rb7+ Kh6 49. Kg1 Rdd2 50. Rxb4 Rxg2+ 51. Kh1 Rgb2 52. Rb6+ Kg5 53. Bf1 Ra1 54. Kg1 Rbb1 55. Kf2 Rxf1+ 56. Ke2 Rfb1 57. Kd3 Ra3 58. Kc4 Raxb3 59. Rxb3 Rxb3 60. Kxb3 Kh4 0-1


[Site "https://www.chess.com"]

[Event "Titled Tuesday Blitz March 01 Early 2022"]
[White "Marson, Juan Miguel"]
[Black "Sarkar, Justin"]
[WhiteFideId "106585"]
[BlackFideId "2010011"]
[WhiteElo "2053"]
[BlackElo "2038"]
[Result "1-0"]
[Round "04"]
[TimeControl "180+1"]
[Date "2022.03.01"]
[WhiteClock "0:01:49"]
[BlackClock "0:00:06"]

1. e4 e5 2. Nf3 Nc6 3. Bb5 a6 4. Ba4 Nf6 5. d4 exd4 6. O-O Be7 7. Re1 b5 8. Bb3 d6 9. Bd5 Nxd5 10. exd5 Ne5 11. Nxd4 Bb7 12. Nf5 O-O 13. Nxe7+ Qxe7 14. f4 Nf3+ 15. gxf3 Qh4 16. Nc3 f5 17. Re2 Rae8 18. Be3 Rf6 19. Qd2 Rg6+ 20. Rg2 1-0


[Site "https://www.chess.com"]